 Dungeon Crawl Stone Soup version 0.19-a0-1057-g15bb84d (webtiles) character file.

29829 hairmachine the Artisan of Death (level 13, -15/115 HPs)
             Began as a Hill Orc Necromancer on Aug 2, 2016.
             Was a Priest of Kikubaaqudgha.
             Demolished by a spriggan rider
             ... wielding a +0 spear
              (20 damage)
             ... on level 6 of the Lair of Beasts.
             The game lasted 01:32:00 (23064 turns).

hairmachine the Artisan of Death (HONe)            Turns: 23064, Time: 01:32:01

Health: -15/115    AC: 14    Str: 15    XL:     13   Next: 47%
Magic:  12/23      EV:  9    Int: 16    God:    Kikubaaqudgha [***...]
Gold:   969        SH:  4    Dex: 11    Spells: 8 memorised, 2 levels left

rFire  + . .     SeeInvis .     f - +7 hand axe (distort)
rCold  . . .     Gourm    .     Q - +0 scale mail
rNeg   . . .     Faith    .     t - +0 buckler
rPois  +         Spirit   .     d - +2 helmet
rElec  .         Dismiss  .     (no cloak)
rCorr  .         Reflect  .     B - +1 pair of gloves
SustAt .         Harm     .     (no boots)
MR     .....                    j - amulet of rage
Stlth  ..........               X - ring of poison resistance
                                s - ring of protection from fire

@: about to teleport, not resistant to hostile enchantments, extremely
unstealthy
A: no striking features
a: Receive Corpses, Renounce Religion, Evoke Berserk Rage


You were on level 6 of the Lair of Beasts.
You worshipped Kikubaaqudgha.
Kikubaaqudgha was most pleased with you.
You were very hungry.

You visited 3 branches of the dungeon, and saw 19 of its levels.

You collected 969 gold pieces.

Inventory:

Hand Weapons
 f - a +7 hand axe of distortion (weapon)
Missiles
 x - a throwing net (quivered)
Armour
 d - a +2 helmet (worn)
 i - a +0 cloak
 t - a +0 buckler (worn)
 B - a +1 pair of gloves (worn)
 Q - a +0 scale mail (worn)
Rods
 Z - a +5 lightning rod (10/10)
   (You found it on level 1 of the Lair of Beasts)
Jewellery
 j - an amulet of rage (around neck)
 s - a ring of protection from fire (left hand)
 X - a ring of poison resistance (right hand)
Wands
 a - a wand of confusion (19/48)
 n - a wand of paralysis (11/24)
 D - a wand of paralysis (3/24)
 E - a wand of slowing (16/48)
 G - a wand of iceblast (7/15)
 M - a wand of acid (5/15)
 N - a wand of lightning (10/15)
Scrolls
 h - 2 scrolls of identify
 k - a scroll of fear
 p - 5 scrolls of amnesia
 q - 7 scrolls of teleportation
 u - 5 scrolls of remove curse
 y - 3 scrolls of blinking
 A - 3 scrolls of magic mapping
 H - 2 scrolls of fog
 I - a scroll of brand weapon
 K - a scroll of recharging
 W - a scroll of vulnerability {unknown}
Potions
 e - a potion of invisibility
 g - 4 potions of flight
 l - a potion of mutation
 v - a potion of berserk rage {unknown}
 w - 3 potions of magic
 z - a potion of beneficial mutation {unknown}
 C - 5 potions of curing
 F - a potion of cure mutation {unknown}
 P - 2 potions of lignification {unknown}
 S - 2 potions of might
 Y - a potion of resistance {unknown}
Books
 b - a book of Necromancy

   Spells                             Type                      Level
   a - Pain                           Necromancy                   1
   b - Animate Skeleton               Necromancy                   1
   c - Vampiric Draining              Necromancy                   3
   d - Regeneration                   Charms/Necromancy            3
   e - Animate Dead                   Necromancy                   4
   f - Control Undead                 Necromancy                   4
 r - Kikubaaqudgha's Compendium of Darkness
   (Kikubaaqudgha gifted it to you on level 6 of the Lair of Beasts)

   Spells                             Type                      Level
   a - Animate Dead                   Necromancy                   4
   b - Agony                          Necromancy                   5
   c - Cigotuvi's Embrace             Necromancy                   5
   d - Dispel Undead                  Necromancy                   5
   e - Death Channel                  Necromancy                   6
 O - a book of Unlife

   Spells                             Type                      Level
   a - Recall                         Summoning/Translocation      3
   b - Animate Dead                   Necromancy                   4
   c - Control Undead                 Necromancy                   4
   d - Cigotuvi's Embrace             Necromancy                   5
   e - Death Channel                  Necromancy                   6
   f - Simulacrum                     Ice/Necromancy               6
 R - Kikubaaqudgha's Guide on Black Arts
   (Kikubaaqudgha gifted it to you on level 1 of the Lair of Beasts)

   Spells                             Type                      Level
   a - Animate Skeleton               Necromancy                   1
   b - Corpse Rot                     Necromancy                   2
   c - Sublimation of Blood           Necromancy                   2
   d - Regeneration                   Charms/Necromancy            3
   e - Control Undead                 Necromancy                   4
Miscellaneous
 V - a lamp of fire
Comestibles
 c - 8 bread rations
 m - 8 meat rations
 o - 26 fruits


   Skills:
 - Level 10.9 Fighting
 - Level 12.2 Axes
 - Level 8.4 Armour
 - Level 1.5 Dodging
 - Level 1.5 Stealth
 + Level 2.8 Shields
 - Level 7.3 Spellcasting
 - Level 4.6 Charms
 + Level 13.0 Necromancy


You had 2 spell levels left.
You knew the following spells:

 Your Spells              Type           Power        Failure   Level  Hunger
a - Pain                  Necr           ####         1%          1    None
b - Animate Skeleton      Necr           N/A          1%          1    None
c - Vampiric Draining     Necr           #####.....   1%          3    ##.....
d - Regeneration          Chrm/Necr      ####......   3%          3    ##.....
e - Animate Dead          Necr           N/A          2%          4    ####...
f - Corpse Rot            Necr           N/A          1%          2    None
g - Agony                 Necr           #####...     8%          5    #####..
h - Cigotuvi's Embrace    Necr           #####.....   8%          5    #####..


Dungeon Overview and Level Annotations

Branches:
Dungeon (12/15)            Temple (1/1) D:7            Lair (6/6) D:8
 Shoals (0/4) Lair:3       Spider (0/4) Lair:4        Slime (0/5) Lair:6
    Orc (0/2) D:10

Altars:
Ashenzari
Cheibriados
Dithmenos
Elyvilon
Fedhas
Gozag
Hepliaklqana
Kikubaaqudgha
Makhleb
Nemelex Xobeh
Okawaru
Pakellas
Qazlal
Ru
Sif Muna
Trog
Uskayaw
Vehumet
Xom
Yredelemnul
Zin
The Shining One
Jiyva

Shops:
D:7 (

Annotations:
D:3 Sigmund
D:6 Pikel


Message History

You are starving!
You block the wolf's attack. The wolf bites you but does no damage.
The spriggan rider hits you from afar with a spear.
* * * LOW HITPOINT WARNING * * *
You start eating one of the 27 fruits.
The wolf closely misses you.
The spriggan rider hits you from afar with a spear!!
* * * LOW HITPOINT WARNING * * *
You are feeling very hungry.
Mmm - a full handful of figs!
You feel better. The wolf bites you.
* * * LOW HITPOINT WARNING * * *
The wolf bites you.
* * * LOW HITPOINT WARNING * * *
The spriggan rider hits you but does no damage.
As you read the scroll of teleportation, it crumbles to dust.
You feel strangely unstable. The wolf closely misses you.
You block the wolf's attack.
The spriggan rider hits you from afar with a spear!!
You die...
Kikubaaqudgha rasps: "You have failed me!
Welcome... death!"

..♣ ..♣ ♣♣♣ ♣♣ ♣
♣♣♣♣♣♣♣♣ .♣♣..
♣♣.....♣♣ .....♣
........♣♣♣♣♣ ♣.....♣
..........♣.♣♣♣
♣♣i......
♣♣:.)..♣♣.)...♣♣♣hi...♣
♣♣.8[♣♣♣♣♣♣♣...@♣♣♣♣♣♣
♣♣♣♣♣ ♣♣♣♣♣♣


You could see a spriggan rider, a spriggan and a wolf.

Vanquished Creatures
  2 hydras
  2 catoblepae
  2 death yaks
  2 griffons (Lair:5)
  2 sirens (Lair:3)
  4 black mambas
  A torpor snail (Lair:3)
  A gargoyle (D:10)
  5 spiny frogs
  A komodo dragon (Lair:4)
  4 polar bears
  Prince Ribbit (D:7)
  A redback (Lair:6)
  9 spriggans (Lair:6)
  11 yaks
  A basilisk (Lair:1)
  A hungry ghost (D:7)
  3 hippogriffs
  Menkaure (D:4)
  7 water moccasins
  Duvessa (D:4)
  3 porcupines
  2 orc warriors
  2 sky beasts
  2 black bears (Lair:6)
  5 ice beasts
  3 slaves (D:6)
  3 wasps
  A necrophage (D:10)
  A boggart (Lair:6)
  3 ogres
  A phantom (D:5)
  19 wolves
  8 crocodiles
  3 centaurs
  A gnoll sergeant (D:10)
  7 giant frogs
  Dowan (D:4)
  5 killer bees (D:6)
  3 scorpions
  4 howler monkeys (D:7)
  4 crimson imps
  A centaur zombie (D:5)
  3 hounds
  3 orc priests
  2 centaur skeletons
  A gnoll shaman (D:6)
  2 giant frog skeletons
  4 iguanas
  9 orc wizards
  6 worker ants
  10 sheep
  A mummy (D:6)
  Robin (D:1)
  17 gnolls
  36 river rats
  15 adders
  3 shadow imps
  2 oozes
  An adder skeleton (D:6)
  3 worms
  3 dart slugs (D:2)
  9 giant geckos
  29 orcs
  11 bats
  7 giant cockroaches
  19 goblins
  20 hobgoblins
  6 jackals
  3 quokkas
  2 ball pythons (D:4)
  8 giant newts
  17 kobolds
  2 quokka skeletons (D:9)
  10 rats
  A bush (Lair:5)
  3 fungi
  2 plants
415 creatures vanquished.

Vanquished Creatures (collateral kills)
  A black mamba (Lair:5)
  2 torpor snails (Lair:3)
  A spiny frog (Lair:5)
  3 komodo dragons
  A polar bear (Lair:6)
  A troll (D:10)
  A spriggan (Lair:6)
  A tarantella (Lair:4)
  A basilisk (Lair:5)
  A wyvern (Lair:5)
  11 yaks
  A hippogriff (Lair:5)
  A water moccasin (Lair:5)
  An orc warrior (D:6)
  A wasp (Lair:6)
  A crocodile (Lair:6)
  6 wolves
  An electric eel (Lair:6)
  A howler monkey (D:7)
  2 sheep (Lair:4)
  2 gnolls (D:10)
  5 river rats
  2 goblins
  2 hobgoblins
  A bat (D:3)
  A giant newt (D:2)
  4 fungi
56 creatures vanquished.

Vanquished Creatures (others)
  A catoblepas (Lair:3)
  A death yak (Lair:5)
  A griffon (Lair:6)
  A torpor snail (Lair:3)
  3 spiny frogs
  2 komodo dragons
  A two-headed ogre (D:9)
  2 yaks
  A hippogriff (Lair:5)
  A water moccasin (Lair:1)
  A slave (D:6)
  An ice beast (D:10)
  2 giant frogs
  A killer bee (D:6)
  A crimson imp (D:6)
  A hound (D:7)
  2 sheep
  A worker ant zombie (D:10)
  2 gnolls
  An adder (D:2)
  3 river rats
  2 orcs
  A giant cockroach (D:3)
  A goblin (D:2)
  14 fungi
  7 plants
55 creatures vanquished.

Grand Total: 526 creatures vanquished

Notes
Turn   | Place    | Note
-------+----------+-------------------------------------------
     0 | D:1      | hairmachine the Hill Orc Necromancer began the quest for the Orb.
     0 | D:1      | Reached XP level 1. HP: 14/14 MP: 3/3
    30 | D:1      | Learned a level 1 spell: Animate Skeleton
   222 | D:1      | Reached XP level 2. HP: 20/20 MP: 4/4
   396 | D:1      | Reached skill level 1 in Axes
   766 | D:2      | Noticed Robin
   775 | D:1      | Reached XP level 3. HP: 14/26 MP: 5/5
   787 | D:1      | Killed Robin
   794 | D:1      | HP: 1/26 [hobgoblin[Robin] (6)]
  1171 | D:1      | Learned a level 3 spell: Vampiric Draining
  1299 | D:2      | Reached XP level 4. HP: 21/33 MP: 0/6
  1787 | D:2      | Reached skill level 5 in Necromancy
  2144 | D:2      | Found a hazy altar of Hepliaklqana.
  2189 | D:2      | Found a bloodstained altar of Trog.
  2288 | D:2      | Reached XP level 5. HP: 35/38 MP: 7/7
  3270 | D:2      | Found a deep blue altar of Sif Muna.
  3499 | D:3      | Reached XP level 6. HP: 40/45 MP: 5/8
  3536 | D:2      | Reached skill level 5 in Axes
  3891 | D:3      | Reached skill level 6 in Necromancy
  4585 | D:3      | Noticed Sigmund
  5090 | D:4      | Noticed Menkaure
  5097 | D:4      | Killed Menkaure
  5097 | D:4      | Reached XP level 7. HP: 31/50 MP: 7/9
  5233 | D:4      | Learned a level 3 spell: Regeneration
  5500 | D:4      | You fall through a shaft for 3 floors!
  5527 | D:7      | Found a stormy altar of Qazlal.
  5538 | D:7      | Reached skill level 1 in Charms
  6212 | D:6      | Reached XP level 8. HP: 25/57 MP: 2/10
  6674 | D:5      | Entered Level 5 of the Dungeon
  6891 | D:5      | Reached skill level 1 in Armour
  7189 | D:4      | Noticed Duvessa
  7196 | D:4      | Noticed Dowan
  7201 | D:4      | Killed Duvessa
  7220 | D:4      | Killed Dowan
  8012 | D:5      | Reached skill level 7 in Necromancy
  8150 | D:5      | Reached XP level 9. HP: 46/62 MP: 6/11
  8457 | D:5      | Found a sparkling altar of Nemelex Xobeh.
  8461 | D:5      | Found an ancient bone altar of Kikubaaqudgha.
  8462 | D:5      | Found a white marble altar of Elyvilon.
  8463 | D:5      | Found a shattered altar of Ashenzari.
  8689 | D:6      | Reached skill level 1 in Fighting
  8801 | D:6      | Found a glowing golden altar of the Shining One.
  9058 | D:6      | Found a sacrificial altar of Ru.
  9164 | D:6      | Noticed Pikel
  9210 | D:6      | Found an oddly glowing altar of Pakellas.
  9399 | D:6      | Found a snail-covered altar of Cheibriados.
  9587 | D:7      | Reached skill level 10 in Axes
  9654 | D:7      | Reached skill level 5 in Armour
  9677 | D:7      | Reached skill level 8 in Necromancy
  9877 | D:7      | Reached XP level 10. HP: 78/79 MP: 12/12
  9881 | D:7      | Noticed Prince Ribbit
  9892 | D:7      | Killed Prince Ribbit
 10184 | D:7      | Reached skill level 5 in Fighting
 10234 | D:7      | Found a staircase to the Ecumenical Temple.
 10327 | D:7      | Found Etuus's Weapon Shoppe.
 10416 | Temple   | Entered the Ecumenical Temple
 10587 | D:5      | Became a worshipper of Kikubaaqudgha
 10788 | D:8      | Found a staircase to the Lair.
 11142 | D:8      | Found a glowing silver altar of Zin.
 11357 | D:8      | Found a radiant altar of Vehumet.
 11829 | D:9      | Learned a level 4 spell: Animate Dead
 12190 | D:9      | You fall through a shaft for 3 floors!
 12346 | D:10     | Entered Level 10 of the Dungeon
 12359 | D:10     | Noticed a gargoyle
 12366 | D:10     | Killed a gargoyle
 12736 | D:10     | Found a staircase to the Orcish Mines.
 12774 | D:10     | Found a snail-covered altar of Cheibriados.
 12782 | D:10     | Reached skill level 9 in Necromancy
 13348 | Lair:1   | Entered Level 1 of the Lair of Beasts
 13348 | Lair:1   | Noticed a spiny frog
 13355 | Lair:1   | Killed a spiny frog
 13437 | Lair:1   | Noticed a spiny frog
 13442 | Lair:1   | Banished a spiny frog
 13536 | Lair:1   | Reached XP level 11. HP: 88/92 MP: 10/16
 13579 | Lair:1   | Reached * piety under Kikubaaqudgha
 13579 | Lair:1   | Received a gift from Kikubaaqudgha
 13580 | Lair:1   | Identified Kikubaaqudgha's Guide on Black Arts (Kikubaaqudgha gifted it to you on level 1 of the Lair of Beasts)
 13775 | Lair:1   | Learned a level 2 spell: Corpse Rot
 14421 | Lair:2   | Noticed a catoblepas
 14460 | Lair:1   | Killed a catoblepas
 14460 | Lair:1   | Reached skill level 5 in Spellcasting
 15993 | Lair:3   | Found a dark tunnel.
 16009 | Lair:3   | Found a snail-covered altar of Cheibriados.
 16407 | Lair:3   | Found a staircase to the Shoals.
 16520 | Lair:3   | Noticed a catoblepas
 16843 | Lair:3   | Banished a catoblepas
 17388 | Lair:3   | Reached XP level 12. HP: 103/104 MP: 19/22
 17684 | Lair:4   | Reached skill level 10 in Necromancy
 18180 | Lair:4   | Found a hole to the Spider Nest.
 19012 | Lair:5   | Reached ** piety under Kikubaaqudgha
 19080 | Lair:5   | Reached skill level 10 in Fighting
 19805 | Lair:5   | Noticed a five-headed hydra
 19816 | Lair:5   | Killed a five-headed hydra
 20326 | Lair:6   | Entered Level 6 of the Lair of Beasts
 20326 | Lair:6   | Found a viscous altar of Jiyva.
 20326 | Lair:6   | Found a staircase to the Slime Pits.
 20462 | Lair:6   | Reached skill level 11 in Necromancy
 20590 | Lair:6   | Reached *** piety under Kikubaaqudgha
 20590 | Lair:6   | Received a gift from Kikubaaqudgha
 20598 | Lair:6   | Identified Kikubaaqudgha's Compendium of Darkness (Kikubaaqudgha gifted it to you on level 6 of the Lair of Beasts)
 20612 | Lair:6   | Learned a level 5 spell: Agony
 20618 | Lair:6   | Learned a level 5 spell: Cigotuvi's Embrace
 20646 | Lair:6   | Noticed a five-headed hydra
 20660 | Lair:6   | Killed a five-headed hydra
 20660 | Lair:6   | Reached XP level 13. HP: 82/115 MP: 4/23
 21209 | Lair:5   | Reached skill level 12 in Necromancy
 22483 | Lair:6   | Reached skill level 1 in Shields
 22992 | Lair:6   | Identified Cacint's Papyrus of Transmigration and Lightness (You found it on level 6 of the Lair of Beasts)
 23052 | Lair:6   | Reached skill level 13 in Necromancy
 23062 | Lair:6   | HP: 1/115 [spriggan rider/spear (18)]
 23064 | Lair:6   | Demolished by a spriggan rider

Vault maps used:
D:1:      dpeg_arrival_erosion, dk_noncrumbling_2
D:2:      lemuel_crystal_altar, bloody_trog, led_sif_pool, grunt_ministairs_13,
          kennysheep_generic_room_14, uniq_robin
D:3:      serial_glass, glass_columns_a, glass_columns_a, first_bread,
          uniq_sigmund
D:4:      uniq_duvessa, uniq_menkaure
D:5:      corexii_shantytown, minitemple
D:6:      lemuel_coloured_pillars_altar, lemuel_crystal_altar, basic_altar,
          chei_slow_surprise, uniq_pikel
D:7:      lemuel_crystal_altar, serial_shops, kennysheep_mini,
          uniq_prince_ribbit1
D:8:      zin_academy, marbit_many_paths, dpeg_oklobed_lair
D:10:     orc_0_dummy, blue_anna_alchemist, cheibriados_altar_1
D:11:     basic_altar, uniq_sonja
Temple:   zaba_magenta_temple
Lair:1:   grunt_megastairs_1
Lair:3:   elwin_shoals_entry_rooms, nicolae_volcano_entry_two_sided,
          kennysheep_snail_temple
Lair:4:   spider_nest_entry_rubble
Lair:5:   beast_lair_carwin_8
Lair:6:   minmay_lair_end_enchanted_forest, slime_altar_1, serial_bayou_shore_a

Skill      XL: |  1  2  3  4  5  6  7  8  9 10 11 12 13 |
---------------+----------------------------------------+-----
Axes           | 2 3 4 6 8 9 10 11 12 | 12.2
Necromancy     | 5 6 7 8 9 11 13 | 13.0
Charms         | 2 4 |  4.6
Armour         | 3 5 6 8 |  8.4
Fighting       | 4 7 9 10 | 10.9
Spellcasting   | 3 6 7 |  7.3
Shields        | 2 |  2.8
Dodging        | |  1.5
Stealth        | |  1.5

Action                   |  1- 3 |  4- 6 |  7- 9 | 10-12 | 13-15 || total
-------------------------+-------+-------+-------+-------+-------++-------
Melee: Hand axe          |    48 |   164 |   343 |   603 |   180 ||  1338
 Cast: Pain              |    23 |    73 |    54 |    96 |    12 ||   258
       Animate Skeleton  |     5 |    22 |    28 |    45 |     6 ||   106
       Vampiric Draining |       |     5 |    16 |    50 |    20 ||    91
       Animate Dead      |       |       |       |    18 |     2 ||    20
       Regeneration      |       |       |       |     1 |       ||     1
       Agony             |       |       |       |     1 |    10 ||    11
Invok: Receive Corpses   |       |       |       |     3 |     2 ||     5
 Abil: Evoke Berserk Rag |       |     1 |       |       |       ||     1
Evoke: Wand              |       |       |       |     6 |       ||     6
  Use: Scroll            |     3 |     3 |     4 |    24 |     2 ||    36
       Potion            |     4 |       |     3 |     6 |     3 ||    16
 Stab: Sleeping          |     5 |     2 |       |       |       ||     7
       Invisible         |       |       |       |     2 |       ||     2
       Distracted        |       |       |       |     1 |     1 ||     2
  Eat: Chunk             |     2 |    15 |    19 |    36 |     6 ||    78
       Beef jerky        |       |     1 |       |     2 |       ||     3
       Fruit             |       |       |     1 |     1 |     1 ||     3
       Pizza             |       |       |     1 |     2 |       ||     3
       Royal jelly       |       |       |       |     1 |       ||     1
       Meat ration       |       |       |       |       |     1 ||     1
Armor: Robe              |    24 |    42 |       |       |       ||    66
       Leather armour    |       |    16 |    16 |       |       ||    32
       Ring mail         |       |       |   110 |   103 |       ||   213
       Scale mail        |       |       |       |    96 |   108 ||   204
Dodge: Dodged            |    50 |   112 |   140 |   270 |    80 ||   652
Block: Buckler           |       |       |       |       |    12 ||    12
